 Dungeon Crawl Stone Soup version 0.22.1 (webtiles) character file.

311 MalarOregon the Skirmisher (level 6, -2/56 HPs)
             Began as a Hill Orc Fighter on Sept 17, 2018.
             Slain by an iguana (6 damage)
             ... on level 6 of the Dungeon.
             The game lasted 00:04:04 (2690 turns).

MalarOregon the Skirmisher (Hill Orc Fighter)       Turns: 2690, Time: 00:04:04

Health: -2/56      AC:  9    Str: 19      XL:     6   Next: 42%
Magic:  6/6        EV:  7    Int: 10      God:
Gold:   137        SH:  9    Dex:  6 (10) Spells: 5/5 levels left

rFire    . . .     SeeInvis .   a - +1 war axe
rCold    . . .     Gourm    .   c - +0 shield
rNeg     . . .     Faith    .   b - +0 scale mail
rPois    .         Spirit   .   o - +0 helmet
rElec    .         Reflect  .   f - +0 cloak
rCorr    .         Harm     .   (no gloves)
MR       .....                  (no boots)
Stlth    ..........             (no amulet)
HPRegen  0.18/turn              (no ring)
MPRegen  0.10/turn              (no ring)

@: no status effects
A: no striking features
a: no special abilities


You were on level 6 of the Dungeon.
You were not hungry.

You visited 1 branch of the dungeon, and saw 4 of its levels.

You collected 137 gold pieces.

Inventory:

Hand Weapons
 a - a +1 war axe (weapon)
Armour
 b - a +0 scale mail (worn)
 c - a +0 shield (worn)
 f - a +0 cloak (worn)
   (You found it on level 1 of the Dungeon)
 o - a +0 helmet (worn)
   (You found it on level 3 of the Dungeon)
Scrolls
 i - a scroll of teleportation {@r4}
 j - a scroll of fog {unknown}
 l - a scroll of magic mapping
Potions
 d - a potion of flight {unknown}
 h - a potion of lignification {unknown}
 k - a potion of curing {@q1}
 m - a potion of heal wounds {unknown}
 n - a potion of haste {unknown}
Comestibles
 e - 3 rations {!d}
 g - 12 chunks of flesh


   Skills:
 + Level 5.2 Fighting
 + Level 4.9 Axes
 + Level 4.7 Armour
 + Level 4.7 Shields


You had 5 spell levels left.
You didn't know any spells.
Your spell library was empty.

Dungeon Overview and Level Annotations

Branches:
Dungeon (3/15)

Altars:
Wu Jian


Message History

You hit the quasit. You closely miss the iguana. You block the iguana's attack.
The quasit bites you but does no damage.
The quasit claws you but does no damage.
You block the quasit's attack.
The quasit bites you but does no damage.
The quasit barely misses you. The quasit closely misses you.
The iguana bites you!
* * * LOW HITPOINT WARNING * * *
You miss the quasit. You barely miss the iguana.
The quasit bites you but does no damage.
The quasit claws you but does no damage.
The quasit barely misses you. The iguana bites you.
* * * LOW HITPOINT WARNING * * *
You miss the quasit. You hit the iguana. You block the quasit's attack.
The quasit claws you but does no damage.
The quasit closely misses you. The iguana completely misses you.
You block the quasit's attack. x2
The quasit claws you but does no damage.
Unknown command.
You hit the quasit. You barely miss the iguana. You block the quasit's attack.
The quasit barely misses you.
The quasit claws you but does no damage.
The iguana barely misses you.
You miss the quasit. You hit the iguana. You block the quasit's attack.
The quasit claws you.
* * * LOW HITPOINT WARNING * * *
You block the quasit's attack. The iguana bites you!
* * * LOW HITPOINT WARNING * * *
The quasit bites you.
* * * LOW HITPOINT WARNING * * *
You feel clumsy.
The quasit claws you but does no damage. x2
The iguana bites you.
* * * LOW HITPOINT WARNING * * *
Unknown command.
You closely miss the quasit. You barely miss the iguana.
You block the quasit's attack.
The quasit claws you but does no damage. x2
The iguana bites you.
* * * LOW HITPOINT WARNING * * *
The quasit closely misses you.
The quasit claws you but does no damage. x2
Unknown command.
Unknown command.
You barely miss the iguana. You slash the quasit!
You kill the quasit!
You block the iguana's attack.
Unknown command.
You hit the iguana but do no damage. The iguana bites you.
You die...

#. # .## $# .
..(..# #. ..#..
.# #
#.###.#.###.#
..#.....#.....#.
.......†l.......
.......@....(...
.......?).......
####..........#
#.#.#......#
#......###.#
####...###.##
#...##...######
#......_......#
######...##...#


You could see an iguana.

Vanquished Creatures
  A sky beast (D:3)
  A quasit (D:6)
  An orc wizard (D:6)
  3 gnolls (D:3)
  5 adders
  A dart slug (D:2)
  3 leopard geckos
  13 orcs
  4 giant cockroaches
  5 hobgoblins
  7 jackals
  10 kobolds
  3 ball pythons
  4 bats
  4 frilled lizards
  5 goblins
  4 rats (D:1)
74 creatures vanquished.

Notes
Turn   | Place    | Note
-------+----------+-------------------------------------------
     0 | D:1      | MalarOregon the Hill Orc Fighter began the quest for the
                  | Orb.
     0 | D:1      | Reached XP level 1. HP: 19/19 MP: 1/1
   100 | D:1      | Reached XP level 2. HP: 19/27 MP: 2/2
   323 | D:1      | Reached skill level 4 in Fighting
   838 | D:1      | Reached XP level 3. HP: 30/33 MP: 3/3
  1331 | D:2      | Reached XP level 4. HP: 8/40 MP: 4/4
  2089 | D:3      | Noticed a sky beast
  2098 | D:3      | Killed a sky beast
  2098 | D:3      | Reached XP level 5. HP: 31/47 MP: 5/5
  2497 | D:3      | Reached skill level 5 in Fighting
  2533 | D:3      | Reached XP level 6. HP: 56/56 MP: 6/6
  2638 | D:3      | You fall through a shaft for 3 floors!
  2638 | D:6      | Found an ornate altar of the Wu Jian Council.
  2690 | D:6      | Slain by an iguana

Skill      XL: |  1  2  3  4  5 |
---------------+----------------+-----
Axes           | 3 4 |  4.9
Fighting       | 4 5 |  5.2
Shields        | 4 |  4.7
Armour         | 4 |  4.7

Action                   |  1- 3 |  4- 6 || total
-------------------------+-------+-------++-------
Melee: War axe           |   150 |   138 ||   288
  Use: Potion            |     1 |     2 ||     3
       Scroll            |       |     6 ||     6
  Eat: Chunk             |     2 |     4 ||     6
Armor: Scale mail        |    96 |   108 ||   204
Dodge: Dodged            |    63 |    67 ||   130
Block: Shield            |   125 |    94 ||   219
